 Dungeon Crawl Stone Soup version 0.25-a0-668-gea548f1 (webtiles) character file.

Game seed: 8171298704767295828, levelgen mode: deterministic

14913 Faca the Fighter (level 12, -1/105 HPs)
             Began as a Human Fighter on Mar 28, 2020.
             Was a High Priest of Okawaru.
             Slain by a porcupine (10 damage)
             ... on level 1 of the Lair of Beasts.
             The game lasted 00:30:39 (14683 turns).

Faca the Fighter (Human Fighter)                   Turns: 14683, Time: 00:30:39

Health: -1/105     AC: 17    Str: 20    XL:     12   Next: 51%
Magic:  12/12      EV:  5    Int:  8    God:    Okawaru [*****.]
Gold:   455        SH: 11    Dex: 15    Spells: 11/11 levels left

rFire    . . .     SeeInvis .   a - +2 flail (vorpal)
rCold    . . .     Gourm    +   c - +1 kite shield
rNeg     . . .     Faith    .   t - +0 chain mail
rPois    +         Spirit   .   r - +0 helmet
rElec    .         Reflect  .   K - +2 cloak
rCorr    +         Harm     .   F - +0 pair of gloves of the Carpenter {MR+ rCorr}
MR       +....                  (no boots)
Stlth    ..........             w - amulet of the gourmand
HPRegen  0.27/turn              o - ring of poison resistance
MPRegen  0.13/turn              n - +2 ring of protection

@: no status effects
A: no striking features
a: Heroism, Finesse, Renounce Religion


You were on level 1 of the Lair of Beasts.
You worshipped Okawaru.
Okawaru was extremely pleased with you.
You were very full.

You visited 3 branches of the dungeon, and saw 14 of its levels.

You collected 741 gold pieces.
You spent 286 gold pieces at shops.

Inventory:

Hand Weapons
 a - a +2 vorpal flail (weapon)
Missiles
 j - 20 poisoned darts (quivered)
 A - 16 javelins
 G - 3 throwing nets
Armour
 c - a +1 kite shield (worn)
 r - a +0 helmet (worn)
 t - a +0 chain mail (worn)
 F - the +0 pair of gloves of the Carpenter (worn) {MR+ rCorr}
   (You found it on level 7 of the Dungeon)

   It affects your resistance to hostile enchantments.
   It provides partial protection from all sources of acid and corrosion.
 K - a +2 cloak (worn)
Jewellery
 n - a +2 ring of protection (right hand)
 o - a ring of poison resistance (left hand)
 w - an amulet of the gourmand (around neck)
 I - an uncursed amulet of magic regeneration
Wands
 b - a wand of random effects (8)
 h - a wand of disintegration (24)
 s - a wand of flame (4)
 y - a wand of iceblast (10)
 H - a wand of acid (5)
 L - a wand of paralysis (7)
 N - a wand of polymorph (6)
Scrolls
 e - 7 scrolls of remove curse
 g - 2 scrolls of enchant armour
 i - 4 scrolls of magic mapping
 l - 5 scrolls of teleportation
 B - a scroll of blinking
 C - a scroll of fog
 E - a scroll of enchant weapon
 J - 2 scrolls of fear
 M - 4 scrolls of identify
Potions
 d - 3 potions of mutation
 k - 2 potions of cancellation
 m - 3 potions of brilliance
 p - 4 potions of curing
 q - 3 potions of flight
 u - 3 potions of ambrosia
 v - a potion of haste
 x - a potion of lignification
 z - a potion of berserk rage
 D - 2 potions of heal wounds
Comestibles
 f - 22 rations


   Skills:
 + Level 13.3 Fighting
 + Level 13.1 Maces & Flails
 + Level 4.6 Armour
 + Level 4.6 Shields


You had 11 spell levels left.
You didn't know any spells.
Your spell library contained the following spells:

 Spells                   Type           Power        Failure   Level  Hunger
 Animate Skeleton         Necr           N/A          100%        1    ##.....
 Apportation              Tloc           #.....       100%        1    ##.....
 Corona                   Hex            #......      100%        1    ##.....
 Summon Small Mammal      Summ           #...         100%        1    ##.....
 Call Imp                 Summ           #.......     100%        2    ###....
 Call Canine Familiar     Summ           #.......     100%        3    ####...
 Summon Guardian Golem    Hex/Summ       #.......     100%        3    ####...
 Summon Ice Beast         Ice/Summ       #.......     100%        4    #####..
 Summon Lightning Spire   Summ/Air       #.......     100%        4    #####..


Dungeon Overview and Level Annotations

Branches:
Dungeon (11/15)            Temple (1/1) D:5            Lair (2/6) D:10
    Orc (0/2) D:9
  Swamp: Lair:2-4    Shoals: Lair:2-4     Snake: Lair:2-4    Spider: Lair:2-4

Altars:
Ashenzari
Cheibriados
Dithmenos
Elyvilon
Fedhas
Gozag
Hepliaklqana
Kikubaaqudgha
Makhleb
Nemelex Xobeh
Okawaru
Qazlal
Ru
Sif Muna
Trog
Uskayaw
Vehumet
Wu Jian
Xom
Yredelemnul
Zin
The Shining One

Shops:
D:5 [%[=

Annotations:
D:9 3 runed translucent doors, louisi3's ghost, journeyman OpFE
D:10 1 runed translucent door, bastard's ghost, journeyman KoBe
D:11 exclusion: oklob plant


Message History

You block the porcupine's attack.
The hippogriff bites you but does no damage.
The hippogriff pecks you but does no damage.
The hippogriff claws you but does no damage.
The spiny frog stings you.
You sock the spiny frog!
The spiny frog is almost dead.
You block the porcupine's attack. The spiny frog stings you!
* * * LOW HITPOINT WARNING * * *
The hippogriff closely misses you. You block the hippogriff's attack.
The hippogriff claws you but does no damage.
The porcupine bites you!
* * * LOW HITPOINT WARNING * * *
You block the hippogriff's attack.
The hippogriff pecks you but does no damage.
The hippogriff closely misses you. The porcupine bites you.
* * * LOW HITPOINT WARNING * * *
The porcupine bites you!
You die...

#....................P# #..##
#.........#.#######..## #..#.
#............# #..########..#.
#...........## #..........>.#.
#...........# #............#.
............#######..............
.#...+##.#.......................
...........>...r...............#.
..............HF@................
##P.######.#############.########
#### ### ###


You could see a hippogriff, a spiny frog and a porcupine.

Vanquished Creatures
  Harold (D:7)
  A two-headed ogre (D:9)
  The ghost of bastard the Martial Artist, a novice OpTm of Cheibriados (D:7)
  An orc knight (D:10)
  Maurice (D:9)
  2 spiny frogs (Lair:1)
  Psyche (D:11)
  2 kobold demonologists (D:11)
  A komodo dragon (Lair:1)
  A troll (D:11)
  A hornet (D:10)
  A hippogriff (D:7)
  A wyvern (D:10)
  16 yaks
  2 hungry ghosts
  Edmund (D:4)
  2 water moccasins
  3 porcupines
  6 ice beasts
  10 orc warriors
  3 black bears
  A necrophage (D:8)
  3 sky beasts
  4 ogres
  4 phantoms
  5 centaurs
  3 crocodiles
  2 big kobolds
  The ghost of mobdeep the Grave Robber, an amateur DENe (D:3)
  7 bullfrogs
  3 scorpions
  A water moccasin skeleton (D:5)
  7 killer bees
  4 wights (D:10)
  An oklob sapling (D:5)
  2 electric eels (D:9)
  A howler monkey (D:11)
  2 centaur zombies
  5 crimson imps
  2 quasits
  3 bullfrog zombies
  A hound (D:8)
  2 jellies
  6 orc priests
  A centaur skeleton (D:10)
  Jessica (D:3)
  A gnoll shaman (D:8)
  Ijyb (D:3)
  Terence (D:2)
  3 iguanas
  12 orc wizards
  5 worker ants
  2 hound zombies
  A hound skeleton (D:5)
  Robin (D:3)
  A worker ant zombie (D:7)
  3 gnolls (D:8)
  12 adders
  A shadow imp (D:7)
  An adder zombie (D:7)
  2 adder skeletons
  2 worms
  3 dart slugs
  7 leopard geckos
  34 orcs
  5 bats
  3 giant cockroaches
  15 goblins
  7 hobgoblins
  7 jackals
  A ball python (D:3)
  8 frilled lizards
  14 kobolds
  A leopard gecko skeleton (D:4)
  2 quokka skeletons
  11 rats
  A plant (D:5)
298 creatures vanquished.

Vanquished Creatures (others)
  A quokka (D:8)
  16 fungi (D:10)
  6 plants (D:10)
23 creatures vanquished.

Grand Total: 321 creatures vanquished

Notes
Turn   | Place    | Note
-------+----------+-------------------------------------------
     0 | D:1      | Faca the Human Fighter began the quest for the Orb.
     0 | D:1      | Reached XP level 1. HP: 18/18 MP: 1/1
    47 | D:1      | Reached XP level 2. HP: 7/24 MP: 2/2
   189 | D:1      | Reached XP level 3. HP: 12/29 MP: 3/3
  1179 | D:2      | Reached XP level 4. HP: 31/37 MP: 4/4
  1536 | D:3      | Found a runed translucent door.
  1538 | D:3      | Noticed mobdeep's ghost (amateur DENe)
  1877 | D:3      | Found a hazy altar of Hepliaklqana.
  1909 | D:3      | Noticed Robin
  1912 | D:3      | Noticed Terence
  2027 | D:2      | Reached XP level 5. HP: 25/42 MP: 5/5
  2170 | D:2      | Killed Terence
  2193 | D:3      | Killed Robin
  2243 | D:3      | Noticed Jessica
  2266 | D:3      | Killed Jessica
  2478 | D:3      | Noticed Ijyb
  2495 | D:3      | Killed Ijyb
  2495 | D:3      | Reached XP level 6. HP: 45/50 MP: 6/6
  2637 | D:3      | Found a hide-covered altar of Uskayaw.
  2779 | D:3      | Reached skill level 5 in Fighting
  2787 | D:3      | Killed mobdeep's ghost
  2948 | D:4      | Noticed a phantom
  2968 | D:4      | Killed a phantom
  2968 | D:4      | Reached skill level 5 in Maces & Flails
  2968 | D:4      | Reached XP level 7. HP: 47/56 MP: 7/7
  3039 | D:4      | Noticed Edmund
  3049 | D:4      | Killed Edmund
  3490 | D:5      | Entered Level 5 of the Dungeon
  3716 | D:5      | Found Viel Bei's Jewellery Emporium.
  3719 | D:5      | Bought a cursed ring of teleportation for 49 gold pieces
  3772 | D:5      | Reached XP level 8. HP: 65/65 MP: 8/8
  3847 | D:5      | Found Zunut's Antique Armour Shoppe.
  3866 | D:5      | Found Falesm's Armour Emporium.
  3916 | D:5      | Found Iluetoif's Food Boutique.
  4300 | D:5      | Found a staircase to the Ecumenical Temple.
  4327 | Temple   | Entered the Ecumenical Temple
  4537 | Temple   | Became a worshipper of Warmaster Okawaru
  5071 | D:6      | Reached XP level 9. HP: 74/74 MP: 9/9
  5324 | D:6      | Found a snail-covered altar of Cheibriados.
  6044 | D:7      | Noticed Harold
  6324 | D:7      | Reached * piety under Okawaru
  6335 | D:7      | Found a sparkling altar of Nemelex Xobeh.
  6831 | D:7      | Noticed a hippogriff
  6843 | D:7      | Killed a hippogriff
  7138 | D:7      | Reached ** piety under Okawaru
  7152 | D:7      | Reached XP level 10. HP: 84/84 MP: 10/10
  7336 | D:7      | Found a runed translucent door.
  7336 | D:7      | Noticed bastard's ghost (novice OpTm)
  7359 | D:7      | Killed bastard's ghost
  7359 | D:7      | Reached skill level 10 in Fighting
  7359 | D:7      | Reached skill level 10 in Maces & Flails
  7381 | D:7      | Got a pair of brightly glowing gloves
  7387 | D:7      | Identified the +0 pair of gloves of the Carpenter {MR+
                  | rCorr} (You found it on level 7 of the Dungeon)
  7455 | D:7      | Killed Harold
  7455 | D:7      | Reached *** piety under Okawaru
  7976 | D:8      | Found a white marble altar of Elyvilon.
  8179 | D:8      | Found a glowing golden altar of the Shining One.
  8179 | D:8      | Found a shimmering blue altar of Sif Muna.
  8180 | D:8      | Found a basalt altar of Yredelemnul.
  8561 | D:9      | Reached **** piety under Okawaru
  8959 | D:9      | Noticed Maurice
  9192 | D:9      | Found a runed translucent gate.
  9192 | D:9      | Found a runed translucent gate.
  9193 | D:9      | Found a runed translucent gate.
  9245 | D:9      | Reached XP level 11. HP: 93/93 MP: 11/11
  9320 | D:9      | Noticed a two-headed ogre
  9327 | D:9      | Killed a two-headed ogre
  9356 | D:9      | Killed Maurice
  9409 | D:9      | Noticed louisi3's ghost (journeyman OpFE)
 10333 | D:9      | Found a staircase to the Orcish Mines.
 10627 | D:10     | Entered Level 10 of the Dungeon
 10647 | D:10     | Reached ***** piety under Okawaru
 11206 | D:10     | Found a staircase to the Lair.
 11527 | D:10     | Found a runed translucent door.
 11528 | D:10     | Found a shimmering altar of Xom.
 11528 | D:10     | Noticed bastard's ghost (journeyman KoBe)
 11529 | D:10     | Noticed a +2 hand axe of chaos
 11577 | D:11     | Noticed an orc knight
 11605 | D:10     | Killed an orc knight
 11609 | D:10     | Reached XP level 12. HP: 32/103 MP: 10/12
 11883 | D:10     | Received a gift from Okawaru
 11888 | D:10     | Got a slimy hat {god gift}
 11899 | D:10     | Identified the -3 hat "Mefeil" {Stlth+} (Okawaru gifted it
                  | to you on level 10 of the Dungeon)
 12105 | D:11     | Noticed Psyche
 12116 | D:11     | Killed Psyche
 12371 | D:11     | Found a hide-covered altar of Uskayaw.
 12442 | D:11     | Noticed a soul eater
 12779 | Lair:1   | Entered Level 1 of the Lair of Beasts
 12938 | D:5      | Bought a pitted cloak for 237 gold pieces
 12948 | D:5      | Identified the +0 cloak "Xyte Pom" {rPois SInv} (You bought
                  | it in a shop on level 5 of the Dungeon)
 14683 | Lair:1   | Slain by a porcupine

Levels and vault maps discovered:
D:1:      ncdulo_watergridlock, layout_rooms
D:2:      layout_loops_ring, first_ration, palyth_stone_intersect
D:3:      layout_loops_corners, lemuel_coloured_pillars_altar,
          nicolae_overflow_crystal_walls, ebering_ghost_sewer_d, uniq_robin,
          uniq_jessica, uniq_ijyb, uniq_terence
D:4:      minmay_octagon_keep, layout_gridville, serial_glass, glass_columns_a,
          glass_columns_b, glass_columns_a, glass_columns_c, uniq_natasha,
          uniq_edmund, uniq_pikel
D:5:      layout_basic, minmay_temple_entry_oklob, serial_shops, shop_fountains,
          shop, shop, nicolae_shop_behind_doors
D:6:      layout_basic, cheibrodos_worm_habitat
D:7:      layout_basic, kennysheep_mini_moat, ebering_ghost_inner_flame,
          minmay_misc_feat_encased, grunt_ogre_cave, kennysheep_small_spiral,
          uniq_harold
D:8:      layout_loops_ring, elyvilon_altar_4, nicolae_overflow_hidden_temple
D:9:      layout_stronghold, david_orc_4, gammafunk_ghost_spectres,
          minmay_crystal_water, uniq_maurice
D:10:     layout_basic, grunt_lair_entry_orc_guard_hut, ebering_ghost_xom
D:11:     layout_loops_ring, lemuel_oklob_altar, uniq_psyche
Temple:   minmay_temple_curvy_branch
Lair:1:   layout_chaotic_city
Lair:2:   layout_cave_pods, eino_house_with_fridge, lemuel_fruit_tree,
          infiniplex_staircase_pool_2

Skill      XL: |  1  2  3  4  5  6  7  8  9 10 11 12 |
---------------+-------------------------------------+-----
Maces & Flails | 3 4 5 6 7 9 11 12 13 | 13.1
Fighting       | 4 5 6 8 9 11 12 13 | 13.3
Armour         | 4 |  4.6
Shields        | 4 |  4.6

Action                   |  1- 3 |  4- 6 |  7- 9 | 10-12 || total
-------------------------+-------+-------+-------+-------++-------
Melee: Flail             |   104 |   226 |   347 |   688 ||  1365
Throw: Dart              |       |       |       |     5 ||     5
Invok: Heroism           |       |       |       |     4 ||     4
Evoke: Wand              |       |       |       |     5 ||     5
  Use: Scroll            |     6 |     4 |     5 |    11 ||    26
       Potion            |       |     1 |     2 |       ||     3
  Eat: Chunk             |     1 |     5 |    23 |    42 ||    71
Armor: Scale mail        |    54 |    75 |       |       ||   129
       Chain mail        |       |    27 |   215 |   284 ||   526
Dodge: Dodged            |    36 |    58 |    83 |   110 ||   287
Block: Kite shield       |    53 |   117 |   172 |   302 ||   644

Table legend:
 A = Non-vault XP
 B = Vault XP
 C = Vault XP percentage of total XP
 D = Non-vault monster count
 E = Vault monster count
 F = Vault count percentage of total count
                 A         B        C        D         E       F
            +---------+---------+-------+---------+---------+-------
      Total |   16773 |    4532 |  21.3 |     248 |      49 |  16.5
            +---------+---------+-------+---------+---------+-------
        D:1 |      31 |       0 |   0.0 |      18 |       0 |   0.0
        D:2 |      75 |      40 |  34.8 |      18 |       3 |  14.3
        D:3 |      45 |     214 |  82.6 |      23 |      15 |  39.5
        D:4 |     266 |     166 |  38.4 |      15 |       1 |   6.2
        D:5 |     869 |      59 |   6.4 |      14 |       1 |   6.7
        D:6 |     249 |       5 |   2.0 |       9 |       1 |  10.0
        D:7 |    1836 |    1871 |  50.5 |      35 |       4 |  10.3
        D:8 |    1505 |     202 |  11.8 |      34 |       4 |  10.5
        D:9 |    2538 |     846 |  25.0 |      14 |      14 |  50.0
       D:10 |    4259 |     705 |  14.2 |      32 |       5 |  13.5
       D:11 |    2140 |     424 |  16.5 |      23 |       1 |   4.2
     Lair:1 |    2960 |       0 |   0.0 |      13 |       0 |   0.0
            +---------+---------+-------+---------+---------+-------
